 Dungeon Crawl Stone Soup version 0.31-a0-1237-gabc64e778c (webtiles) character file.

Game seed: 10365206099283759819

228 Inarius the Trooper (level 5, -5/43 HPs)
             Began as a Mummy Chaos Knight on Dec 15, 2023.
             Was a Plaything of Xom.
             Killed by divine providence
             ... invoked by an orc priest
              (12 damage)
             ... on level 4 of the Dungeon.
             The game lasted 00:05:06 (2852 turns).

Inarius the Trooper (Mummy Chaos Knight)            Turns: 2852, Time: 00:05:06

Health: -5/43      AC:  6    Str: 18    XL:     5   Next: 71%
Magic:  5/5        EV:  9    Int: 11    God:    Xom [....*.]
Gold:   152        SH:  7    Dex: 11    Spells: 4/4 levels left

rFire   x . .        a - +0 hand axe (chaos)
rCold   + . .        e - +0 kite shield
rNeg    + + +        b - +2 leather armour
rPois   ∞            (no helmet)
rElec   .            (no cloak)
rCorr   .            (no gloves)
SInv    .            g - +0 pair of boots
Will    .....        (no amulet)
Stlth   +            (no ring)
HPRegen 0.27/turn    (no ring)
MPRegen 0.09/turn

%: faith
@: no status effects
A: cold resistance 1, negative energy resistance 3, torment resistance 2, heat
vulnerability 1, in touch with death 1, no potions, faith
a: Renounce Religion


You were on level 4 of the Dungeon.
You worshipped Xom.
You were a beloved toy of Xom.
You visited 1 branch of the dungeon, and saw 4 of its levels.

You collected 152 gold pieces.

Inventory:

Hand Weapons
 a - a +0 hand axe of chaos (weapon)
 h - a +1 flail of protection
 i - a +0 war axe
Missiles
 n - 6 boomerangs (quivered)
Armour
 b - a +2 leather armour (worn)
 e - a +0 kite shield (worn)
 g - a +0 pair of boots (worn)
Scrolls
 c - a scroll of butterflies
 d - a scroll of fog
 f - 3 scrolls of teleportation
 j - a scroll of enchant weapon {unknown}
 k - a scroll of silence {unknown}
 l - 2 scrolls of blinking
 m - a scroll of brand weapon


   Skills:
 * Level 4.5 Fighting
 + Level 3.8 Axes
 + Level 0.2 Throwing
 + Level 2.5 Armour
 - Level 0.7 Dodging
 + Level 0.9 Shields


You had 4 spell levels left.
You didn't know any spells.
Your spell library contained the following spells:

 Spells                   Type           Power      Damage    Failure   Level
 Freeze                   Ice            0%         1d3       77%         1
 Sandblast                Erth           0%         2d4       77%         1
 Cigotuvi's Dreadful Rot  Necr/Pois/Air  0%         N/A       88%         2
 Ensorcelled Hibernation  Hex/Ice        0%         N/A       88%         2
 Jinxbite                 Hex            0%         N/A       88%         2
 Passwall                 Tmut/Erth      0%         N/A       88%         2
 Dazzling Flash           Conj/Hex       0%         N/A       98%         3
 Frozen Ramparts          Ice            0%         1d1       98%         3
 Hailstorm                Conj/Ice       0%         3d5       98%         3
 Ignite Poison            Fire/Tmut/Pois 0%         N/A       98%         3
 Stone Arrow              Conj/Erth      0%         3d7       98%         3
 Anguish                  Hex/Necr       0%         N/A       100%        4
 Brom's Barrelling Bould  Conj/Erth      0%         2d3       100%        4
 Agony                    Necr           0%         N/A       100%        5
 Freezing Cloud           Conj/Ice/Air   0%         6-21      100%        5
 Silence                  Hex/Air        0%         N/A       100%        5


Dungeon Overview and Level Annotations

Branches:
Dungeon (4/15)
 Temple: D:4-7

Altars:
Dithmenos
Gozag
Kikubaaqudgha
Uskayaw
Wu Jian
Xom

Shops:
D:3 (

Annotations:
D:4 Grinder


Innate Abilities, Weirdness & Mutations

You are immune to poison.
Your flesh is cold resistant. (rC+)
You are immune to negative energy. (rN+++)
You are immune to unholy pain and torment.
You are vulnerable to heat. (rF-)
You are in touch with the powers of death.
You do not drink.
You have a special connection with the divine. (Faith)


Message History

An orc comes into view. It is wielding a +0 short sword.
An orc priest comes into view. It is wielding a +0 trident.
The orc moves out of view.
You hit the orc.
The orc is lightly wounded.
The orc hits you with a +0 hand axe.
The hound barks!
You hit the orc. You burn the orc.
You kill the orc!
Xom guffaws.
The orc priest begins to cast a cantrip, but forgets the words!
The orc throws a boomerang.
The boomerang barely misses you.
The orc blinks!
The orc priest miscasts a cantrip.
Things that are here:
a +0 hand axe; an orc corpse The orc priest blinks!
The hound blinks!
The orc throws a boomerang.
The boomerang hits you but does no damage.
The orc priest calls down the wrath of Beogh upon you.
Beogh smites you!
An orc wizard comes into view. It is wielding a +0 dagger.
The orc blinks!
The orc wizard shouts!
The orc wizard moves out of view.
The orc blinks!
The orc wizard blinks!
The orc priest calls down the wrath of Beogh upon you.
Beogh smites you!
You are too injured to fight recklessly!
The hound blinks!
The orc priest casts a cantrip, but nothing happens.
The orc priest blinks!
The orc blinks!
The hound blinks!
The orc priest blinks!
The translocation energy dissipates.
The orc priest mumbles some strange prayers to Beogh against you.
Beogh smites you!
* * * LOW HITPOINT WARNING * * *
The orc priest calls down the wrath of Beogh upon you.
Beogh smites you!
You die...
Xom bursts into laughter!

#.................#
#.................##+##
#.....................#
+.......#'##...........
#.......'..§....†......
#.......#..#...........
#......o####...........
#.###..h)#.##...##....#
# +..@.#....#.# ....+
#....#....#.# ...#
.###......#..#.# ...#
+..........#....#
#.......#..#..###
#.......#.....#
#......o#..##.#
#.............#
..#############


You could see a hound, an orc priest and an orc.

Vanquished Creatures
  A phantom (D:3)
  An orc priest (D:3)
  2 adders
  2 dart slugs
  8 orcs
  7 ball pythons
  A bat (D:3)
  2 endoplasms
  5 giant cockroaches
  2 goblins
  7 hobgoblins
  3 quokkas
  4 frilled lizards (D:1)
  6 kobolds
  7 rats
58 creatures vanquished.

Vanquished Creatures (collateral kills)
  An orc priest (D:2)
  An orc (D:2)
  A kobold (D:1)
  A frilled lizard (D:1)
4 creatures vanquished.

Grand Total: 62 creatures vanquished

Notes
Turn   | Place    | Note
-------+----------+-------------------------------------------
     0 | D:1      | Inarius the Mummy Chaos Knight began the quest for the Orb.
     0 | D:1      | Reached XP level 1. HP: 18/18 MP: 1/1
    32 | D:1      | XOM: divination: magic mapping
   196 | D:1      | XOM: cloud trail
   235 | D:1      | Reached XP level 2. HP: 24/24 MP: 2/2
   395 | D:1      | XOM: divination: detect items
   408 | D:1      | XOM: silly message
   584 | D:1      | XOM: noise
  1017 | D:1      | Reached XP level 3. HP: 29/29 MP: 3/3
  1299 | D:2      | Identified the orb "Joachill" {guile, Str+3}
  1492 | D:2      | Reached XP level 4. HP: 37/37 MP: 4/4
  1646 | D:2      | XOM: divination: magic mapping
  1773 | D:3      | Found Xydaxir's Antique Weapon Shoppe.
  1834 | D:3      | Found a faded altar of an unknown god.
  1854 | D:3      | Found a shadowy altar of Dithmenos.
  1864 | D:3      | Noticed a phantom
  1865 | D:3      | XOM: fog
  1888 | D:3      | XOM: summons friendly crimson imp
  1900 | D:3      | Killed a phantom
  1901 | D:3      | Reached skill level 4 in Fighting
  1901 | D:3      | Reached XP level 5. HP: 36/42 MP: 5/5
  2119 | D:3      | Found an opulent altar of Gozag.
  2129 | D:3      | Found an ancient bone altar of Kikubaaqudgha.
  2132 | D:3      | Found an ornate altar of the Wu Jian Council.
  2281 | D:3      | XOM: 9-stop teleportation journey
  2434 | D:3      | XOM: scenery: create altars
  2573 | D:4      | Noticed Grinder
  2742 | D:4      | Found a hide-covered altar of Uskayaw.
  2745 | D:4      | Noticed a +0 spear
  2746 | D:4      | Noticed a +0 short sword
  2746 | D:4      | Noticed a +0 dagger
  2746 | D:4      | Noticed a +0 spear
  2795 | D:4      | Noticed a +0 dagger
  2796 | D:4      | Noticed a +0 short sword
  2798 | D:4      | Noticed a +0 falchion
  2798 | D:4      | Noticed a +0 falchion
  2842 | D:4      | XOM: cast spell 'Disjunction'
  2852 | D:4      | Killed from afar by an orc priest

Illustrated notes

Levels and vault maps discovered:
D:1:      lightli_arrival_statue_moat, layout_basic, kennysheep_boxes
D:2:      layout_basic
D:3:      layout_basic, minmay_overflow_temple_star_quad, grunt_dithmenos_smoke,
          serial_shops, nicolae_shop_behind_doors,
          hellmonk_ecumenical_altar_lost_god
D:4:      layout_gridville, nicolae_uskayaw_en_pointe, portal_sewer_entry_e,
          minivault_5, minmay_misc_feat_columns, serial_bayou_ford_a,
          kennysheep_flooded_box, minmay_misc_feat_room, minmay_pentangle,
          uniq_robin, uniq_grinder

Skill      XL: |  1  2  3  4 |
---------------+-------------+-----
Axes           | 3 |  3.8
Armour         | 2 |  2.5
Fighting       | 4 |  4.5
Throwing       | |  0.2
Dodging        | |  0.7
Shields        | |  0.9

Action                     |  1- 3 |  4- 6 || total
---------------------------+-------+-------++-------
  Melee: Hand axe          |    78 |   101 ||   179
         Punch             |     1 |       ||     1
  Throw: Boomerang         |       |     5 ||     5
    Use: Scroll            |       |     6 ||     6
   Stab: Sleeping          |     1 |       ||     1
         Paralysed         |       |     1 ||     1
         Petrifying        |       |     1 ||     1
         Petrified         |       |     1 ||     1
 Armour: Leather armour    |    46 |    71 ||   117
  Dodge: Dodged            |    38 |    55 ||    93
  Block: Kite shield       |    18 |    35 ||    53

Table legend: (Time is in decaauts)
 A = Elapsed time spent in this place.
 B = Non-inter-level travel time spent in this place.
 C = Inter-level travel time spent in this place.
 D = Time resting spent in this place.
 E = Time spent auto-exploring this place.
 F = Levels seen in this place.
 G = Mean time per level.
                   A        B        C        D        E       F      G
               +--------+--------+--------+--------+--------+-----+--------+
         Total |   2911 |   2747 |    164 |    266 |   1815 |   4 |  727.8 |
       Dungeon |   2911 |   2747 |    164 |    266 |   1815 |   4 |  727.8 |
               +--------+--------+--------+--------+--------+-----+--------+

Top non-repeatable levels by time:
     D:1: 1034 daAuts
     D:3: 883 daAuts
     D:2: 726 daAuts
     D:4: 267 daAuts
